 Dungeon Crawl Stone Soup version 0.28.0-1-gb440e238dd (webtiles) character file.

Game seed: 18429297393982317669

111973 robertstho the Warrior (level 16, -3/232 (237) HPs)
             Began as a Minotaur Berserker on Feb 25, 2022.
             Was a High Priest of Trog.
             Slain by a +5 war axe (16 damage)
             ... on level 2 of the Orcish Mines on Feb 28, 2022.
             The game lasted 00:41:38 (28791 turns).

robertstho the Warrior (Minotaur Berserker)        Turns: 28791, Time: 00:41:39

HP:   -3/232 (237)  AC: 22    Str: 36      XL:     16   Next: 10%
MP:   7/7           EV: 11    Int:  8 (9)  God:    Trog [*****.]
Gold: 2265          SH: 13    Dex: 15      Spells: 15/15 levels left

rFire   . . .      SeeInvis +   m - +5 trident of Upheaval {antimagic, *Noise rPois Dex+4 SInv}
rCold   + + .      Faith    .   w - +1 kite shield {AC+3}
rNeg    . . .      Spirit   .   A - +3 plate armour {rC+}
rPois   +          Reflect  .   a - +3 hat of Pondering {ponderous, Will+ MP+10 Int+5}
rElec   .          Harm     .   j - scarf {+Inv}
rCorr   .          Rampage  .   G - +0 pair of gloves
Will    +++..                   T - +0 pair of boots of Irount {*Corrode Will+ Regen+ Str+7}
Stlth   ..........              P - amulet of regeneration
HPRegen 2.08/turn               k - ring of flight
MPRegen 0.10/turn               S - ring of protection from cold

@: berserking (expiring), corroded, flying, lightly drained, very quick
A: horns 2, retaliatory headbutt, deterioration 1, low MP 1
a: Renounce Religion, Evoke Invisibility, Berserk, Trog's Hand, Brothers in Arms


You were on level 2 of the Orcish Mines.
You worshipped Trog.
Trog was extremely pleased with you.
You visited 5 branches of the dungeon, and saw 25 of its levels.
You also visited: Ossuary, Bailey and Gauntlet.

You collected 2992 gold pieces.
You spent 727 gold pieces at shops.

Inventory:

Hand Weapons
 m - the +5 trident of Upheaval (weapon) {antimagic, *Noise rPois Dex+4 SInv}
   (You found it in a bailey)

   It reduces the magical energy of the wielder, and disrupts the spells and
   magical abilities of those it strikes.
   Natural abilities and divine invocations are not affected.
   Dex:       It affects your dexterity (+4).
   rPois:     It protects you from poison.
   SInv:      It lets you see invisible.
   *Noise:    It may make noises in combat.
 q - a +6 bardiche
 W - the +7 spear "Death Rattle" {vamp, rC+ rN+ SInv}
   (You found it on level 4 of the Lair of Beasts)

   It occasionally heals its wielder for a portion of the damage dealt when it
   wounds a living foe.
   rC:        It protects you from cold.
   rN:        It protects you from negative energy.
   SInv:      It lets you see invisible.
Missiles
 H - 2 throwing nets (quivered)
Armour
 a - the +3 hat of Pondering (worn) {ponderous, Will+ MP+10 Int+5}
   (You acquired it on level 6 of the Lair of Beasts)

   Int:       It affects your intelligence (+5).
   MP:        It affects your magic capacity (+10).
   Will:      It increases your willpower.
 j - a scarf of invisibility (worn)
 w - a +1 kite shield of protection (worn)
 A - a +3 plate armour of cold resistance (worn)
 D - a +0 chain mail of fire resistance
 G - a +0 pair of gloves (worn)
 L - +0 acid dragon scales
 T - the +0 pair of boots of Irount (worn) {*Corrode Will+ Regen+ Str+7}
   (You found it in a Gauntlet)

   Str:       It affects your strength (+7).
   Regen:     It increases your rate of health regeneration.
   *Corrode:  It may corrode you when you take damage.
   Will:      It increases your willpower.
Jewellery
 k - a ring of flight (left hand)
 y - an amulet of the acrobat
 B - a ring of fire
 P - an amulet of regeneration (around neck)
 S - a ring of protection from cold (right hand)
Wands
 i - a wand of mindburst (30)
 z - a wand of flame (15)
 C - a wand of paralysis (6)
 K - a wand of iceblast (4)
 N - a wand of digging (12)
Scrolls
 b - 6 scrolls of enchant armour
 f - 10 scrolls of teleportation
 h - 2 scrolls of silence
 r - 5 scrolls of blinking
 s - 6 scrolls of immolation
 u - 3 scrolls of fear
 v - 7 scrolls of fog
 E - 3 scrolls of magic mapping
 J - 2 scrolls of enchant weapon
 R - 2 scrolls of summoning
Potions
 c - 8 potions of heal wounds
 d - 6 potions of haste
 e - 3 potions of cancellation
 g - 2 potions of invisibility
 l - 3 potions of resistance
 n - 4 potions of attraction
 o - 3 potions of lignification {unknown}
 p - 14 potions of curing {unknown}
 t - 8 potions of ambrosia
 x - a potion of magic
 M - a potion of mutation
 Q - a potion of might
Miscellaneous
 F - a condenser vane
 I - a box of beasts
 O - a condenser vane


   Skills:
 * Level 18.3 Fighting
 + Level 13.1(15.7) Axes
 + Level 14.1(16.2) Polearms
 * Level 17.4 Armour
 + Level 6.5 Dodging
 + Level 2.9 Stealth
 + Level 12.5 Shields
 + Level 2.4 Evocations


You had 15 spell levels left.
You didn't know any spells.
Your spell library was empty.

Dungeon Overview and Level Annotations

Branches:
Dungeon (15/15)            Temple (0/1) D:6            Lair (6/6) D:9
 Shoals (0/4) Lair:2        Snake (1/4) Lair:4        Slime (0/5) Lair:6
    Orc (2/2) D:10            Elf (1/3) Orc:2        Vaults (0/5) D:13
 Depths (0/4) D:15        Ossuary (visited)          Bailey (visited)
Gauntlet (visited)

Altars:
Gozag
Kikubaaqudgha
Nemelex Xobeh
Trog
Uskayaw
Wu Jian
Xom
Yredelemnul
Zin
Beogh
Jiyva

Shops:
D:2 :   D:5 ![   D:13 *   Orc:2 =[*(*

Portals:
Trove: D:13 (give +5 demon whip)

Annotations:
Snake:1 Mlioglotl


Innate Abilities, Weirdness & Mutations

You have a pair of horns on your head.
You reflexively headbutt those who attack you in melee.
Your body sometimes deteriorates upon taking damage.
Your magical capacity is low. (-10% MP)


Message History

The +5 war axe hits you!!
* * * LOW HITPOINT WARNING * * *
You block the deep elf pyromancer's attack.
You block the +0 vorpal battleaxe's attack.
You miss the +0 vorpal battleaxe.
You headbutt the +0 vorpal battleaxe, but do no damage.
The +0 vorpal battleaxe is heavily damaged.
The +5 war axe hits you but does no damage.
You barely miss the +0 vorpal battleaxe.
You headbutt the +0 vorpal battleaxe.
The +0 vorpal battleaxe is heavily damaged.
You block the deep elf pyromancer's attack.
You block the +0 vorpal battleaxe's attack.
You hit the +0 vorpal battleaxe but do no damage.
The +0 vorpal battleaxe is heavily damaged.
The +5 war axe hits you!
* * * LOW HITPOINT WARNING * * *
Unknown command.
You closely miss the +0 vorpal battleaxe.
Your headbutt misses the +0 vorpal battleaxe.
The +0 vorpal battleaxe is heavily damaged.
The fire elemental barely misses you.
You block the deep elf pyromancer's attack.
The +0 vorpal battleaxe closely misses you.
You block the +5 war axe's attack.
You hit the +0 vorpal battleaxe.
The +0 vorpal battleaxe is heavily damaged.
You block the fire elemental's attack. The +5 war axe hits you!
* * * LOW HITPOINT WARNING * * *
The +0 vorpal battleaxe hits you.
* * * LOW HITPOINT WARNING * * *
x2 You closely miss the +0 vorpal battleaxe.
You headbutt the +0 vorpal battleaxe.
The +0 vorpal battleaxe is severely damaged.
You block the deep elf pyromancer's attack.
You completely miss the +0 vorpal battleaxe.
Your headbutt misses the +0 vorpal battleaxe.
The +0 vorpal battleaxe is severely damaged.
The +5 war axe hits you!
You die...

......#.....#.## .....#.........#
............#.## ### ###
.........###### ##.####.##
......#.#.##### #........##
..#....#...#..###.°.....#.##
.......##.#......○.........#
........#......(Ee.#......##
.............#..@.........)#
......<.....#..e(..........#####
..........................)..#.##
................................#
.................................
.....#.#.........................
.....#...........................
.......................#......#..
.................................


You could see a deep elf pyromancer, a deep elf zephyrmancer, a fire elemental
(summoned) and 2 dancing weapons.

Vanquished Creatures
  Jorgrun (D:14)
  Roxanne (D:14)
  An orc warlord (Orc:2)
  The ghost of robertstho the Eclecticist, a journeyman DjFE of Makhleb (Lair:6)
  A stone giant (D:15)
  Azrael (D:15)
  A minotaur (Gauntlet)
  Snorg (Lair:5)
  9 vault guards (D:13)
  A hell beast (Gauntlet)
  2 catoblepae
  6 hydras
  An ogre mage (D:15)
  A rakshasa (D:13)
  3 boulder beetles
  3 death knights
  An ice dragon (Lair:6)
  5 centaur warriors
  8 two-headed ogres
  A two-headed ogre (shapeshifter) (D:15)
  2 death yaks (Lair:4)
  3 tengu warriors
  An orc high priest (Orc:2)
  A spectral death yak (Lair:6)
  6 skeletal warriors (D:15)
  A spectral catoblepas (Lair:6)
  5 orc knights
  4 ugly things
  A lindwurm (Lair:6)
  3 oklob plants (Lair:3)
  A deep elf pyromancer (D:15)
  3 orc sorcerers
  3 slime creatures (D:14)
  5 manticores
  3 cyclopes
  4 elephants (Lair:5)
  5 torpor snails (Lair:6)
  Maurice (D:9)
  5 black mambas
  2 gargoyles (Gauntlet)
  12 cane toads
  15 komodo dragons
  5 kobold demonologists
  A tengu conjurer (D:13)
  An efreet (D:15)
  3 freezing wraiths
  2 rime drakes
  2 trolls
  A queen bee (Lair:2)
  4 tyrant leeches (Lair:6)
  A polar bear (Lair:2)
  6 hornets (Lair:6)
  13 blink frogs
  A snapping turtle (Lair:2)
  6 dream sheep (Lair:6)
  Sigmund (D:2)
  2 shadows (D:12)
  3 centaur simulacra (Gauntlet)
  5 wyverns
  A vampire (D:9)
  4 wraiths
  A spriggan (shapeshifter) (D:15)
  25 yaks
  A basilisk (Lair:4)
  5 fire elementals
  2 steam dragons
  A spectral cane toad (Lair:6)
  A naga (Snake:1)
  17 vampire mosquitoes
  5 wargs
  3 acid dragons
  16 water moccasins
  A spectral torpor snail (Lair:6)
  2 hell hounds (D:15)
  40 orc warriors
  A swamp drake (D:10)
  A hornet zombie (D:7)
  2 ice beasts (D:6)
  A sky beast (D:6)
  3 necrophages
  6 ogres
  4 boggarts (D:14)
  20 centaurs
  5 wolves
  11 kobold brigands
  Blork the orc (D:6)
  11 bullfrogs
  2 gnoll sergeants
  A scorpion (D:5)
  A water moccasin zombie (D:7)
  2 wyvern skeletons
  A hornet simulacrum (Gauntlet)
  A dream sheep simulacrum (Lair:6)
  25 killer bees (Lair:2)
  6 wights
  2 howler monkeys
  12 centaur zombies
  A komodo dragon simulacrum (Lair:6)
  2 hounds
  17 orc priests
  A bullfrog skeleton (D:5)
  Jessica (D:3)
  2 iguanas (D:5)
  34 orc wizards
  6 hell rats (Lair:6)
  A killer bee zombie (D:9)
  3 howler monkey zombies (D:9)
  13 mummies (Ossuary)
  9 gnolls
  5 adders
  A shadow imp (D:4)
  3 ufetubi
  2 worms
  76 orcs
  5 ball pythons
  2 bat zombies (D:10)
  6 endoplasms
  4 goblins
  5 hobgoblins
  6 quokkas
  4 bats
  3 frilled lizards
  3 gnoll skeletons (Ossuary)
  A goblin skeleton (Ossuary)
  28 kobolds
  3 kobold skeletons (Ossuary)
  An orc skeleton (Ossuary)
  2 rats
  11 rat skeletons (Ossuary)
697 creatures vanquished.

Vanquished Creatures (collateral kills)
  Nessos (D:15)
  A death knight (D:14)
  An orc sorcerer (Orc:2)
  An orc warrior (Orc:2)
  An orc priest (Orc:2)
  An orc (Orc:2)
6 creatures vanquished.

Vanquished Creatures (others)
  An orc warrior (D:9)
  An orc priest (Orc:2)
  2 orcs
  A bush (Lair:2)
  33 fungi
  54 plants
  24 withered plants (Gauntlet)
116 creatures vanquished.

Grand Total: 819 creatures vanquished

Notes
Turn   | Place    | Note
-------+----------+-------------------------------------------
     0 | D:1      | robertstho the Minotaur Berserker began the quest for the
                  | Orb.
     0 | D:1      | Reached XP level 1. HP: 19/19 MP: 0/0
   290 | D:1      | Reached XP level 2. HP: 7/27 MP: 1/1
   596 | D:1      | Found a faded altar of an unknown god.
   813 | D:1      | Reached skill level 4 in Fighting
  1185 | D:2      | Found Iliant's Book Emporium.
  1346 | D:2      | Reached XP level 3. HP: 18/34 MP: 2/2
  1710 | D:2      | Noticed Sigmund
  1723 | D:2      | Killed Sigmund
  1724 | D:2      | Reached skill level 5 in Fighting
  1724 | D:2      | Reached skill level 5 in Axes
  1724 | D:2      | Reached XP level 4. HP: 20/44 MP: 3/3
  1724 | D:2      | Reached XP level 5. HP: 23/50 MP: 4/4
  2260 | D:3      | Found a bloodstained altar of Trog.
  2313 | D:3      | Noticed an ogre
  2317 | D:3      | Killed an ogre
  2318 | D:3      | Reached skill level 6 in Fighting
  2318 | D:3      | Reached XP level 6. HP: 57/57 MP: 5/5
  2355 | D:3      | Found a hide-covered altar of Uskayaw.
  2355 | D:3      | Found an ornate altar of the Wu Jian Council.
  2518 | D:3      | Noticed Jessica
  2525 | D:3      | Killed Jessica
  3026 | D:4      | Noticed a steam dragon
  3036 | D:4      | Killed a steam dragon
  3094 | D:4      | Found a sand-covered staircase.
  3103 | Ossuary  | Entered an ossuary
  3418 | Ossuary  | Reached skill level 1 in Stealth
  3418 | Ossuary  | Reached XP level 7. HP: 64/64 MP: 6/6
  3641 | Ossuary  | Reached ** piety under Trog
  4829 | D:5      | Entered Level 5 of the Dungeon
  4884 | D:5      | Reached skill level 7 in Fighting
  4884 | D:5      | Reached skill level 5 in Armour
  4884 | D:5      | Reached skill level 1 in Shields
  5315 | D:5      | Found Ufaokh's Antique Armour Shop.
  5334 | D:5      | Bought a shiny kite shield for 247 gold pieces
  5573 | D:5      | Found Geifoe's Distillery.
  5582 | D:5      | Bought a potion of attraction for 30 gold pieces
  5703 | D:6      | Reached XP level 8. HP: 65/73 MP: 7/7
  5749 | D:6      | Noticed Blork the orc
  5767 | D:6      | Killed Blork the orc
  5772 | D:5      | Noticed a rust devil
  5772 | D:5      | Noticed a rust devil
  6344 | D:6      | Reached skill level 8 in Fighting
  6779 | D:6      | Found a staircase to the Ecumenical Temple.
  7383 | D:7      | Reached *** piety under Trog
  7384 | D:7      | Reached XP level 9. HP: 82/82 MP: 8/8
  7611 | D:7      | Reached skill level 9 in Fighting
  8207 | D:8      | Found a flagged portal.
  8214 | Bailey   | Entered a bailey
  8410 | Bailey   | Identified the +5 trident of Upheaval {antimagic, *Noise
                  | rPois Dex+4 SInv}
  8450 | Bailey   | Found an iron altar of Okawaru.
  8457 | Bailey   | Reached skill level 10 in Axes
  8461 | Bailey   | Reached XP level 10. HP: 93/93 MP: 9/9
  8599 | D:8      | Reached skill level 5 in Shields
  9041 | D:9      | Reached skill level 10 in Fighting
  9141 | D:9      | Reached **** piety under Trog
  9255 | D:9      | Found a basalt altar of Yredelemnul.
  9491 | D:9      | Reached skill level 10 in Armour
  9492 | D:9      | Found a glowing silver altar of Zin.
  9730 | D:9      | Noticed Maurice
  9735 | D:9      | Killed Maurice
  9916 | D:9      | Found a staircase to the Lair.
 10325 | D:10     | Entered Level 10 of the Dungeon
 10325 | D:10     | Noticed a two-headed ogre
 10330 | D:10     | Killed a two-headed ogre
 10874 | D:10     | Found a staircase to the Orcish Mines.
 11012 | D:10     | Reached XP level 11. HP: 81/101 MP: 10/10
 11179 | D:10     | Reached skill level 11 in Fighting
 11355 | D:10     | Found an ancient bone altar of Kikubaaqudgha.
 11411 | D:10     | Found an opulent altar of Gozag.
 11743 | Lair:1   | Entered Level 1 of the Lair of Beasts
 11953 | Lair:1   | Reached ***** piety under Trog
 12484 | Lair:1   | Noticed a seven-headed hydra
 12494 | Lair:1   | Killed a seven-headed hydra
 12864 | Lair:1   | Found a shimmering altar of Xom.
 13195 | Lair:2   | Reached skill level 12 in Fighting
 13629 | Lair:2   | Reached skill level 1 in Polearms
 14003 | Lair:2   | Found a staircase to the Shoals.
 14325 | Lair:2   | Noticed a four-headed hydra
 14344 | Lair:2   | Killed a four-headed hydra
 14362 | Lair:2   | Reached XP level 12. HP: 56/113 MP: 3/11
 14713 | Lair:2   | Reached skill level 13 in Fighting
 14713 | Lair:2   | Reached skill level 5 in Polearms
 14713 | Lair:2   | Reached skill level 5 in Dodging
 14713 | Lair:2   | Reached XP level 13. HP: 93/122 MP: 4/12
 16137 | Lair:3   | Found the +18 shield of the Gong {rElec rN+ Will+ EV-5}
 16794 | Lair:4   | Found a gate leading to a gauntlet.
 16803 | Gauntlet | Entered a Gauntlet
 16803 | Gauntlet | Found a transporter.
 16803 | Gauntlet | Found a large runed translucent door.
 16803 | Gauntlet | Found a large runed translucent door.
 16803 | Gauntlet | Found a large runed translucent door.
 16803 | Gauntlet | Found a large runed translucent door.
 16803 | Gauntlet | Found a runed translucent door.
 16803 | Gauntlet | Found a runed translucent door.
 16803 | Gauntlet | Found a large runed translucent door.
 16803 | Gauntlet | Found a large runed translucent door.
 16803 | Gauntlet | Found a large runed translucent door.
 16803 | Gauntlet | Found a large runed translucent door.
 16803 | Gauntlet | Found a large runed translucent door.
 16803 | Gauntlet | Found a large runed translucent door.
 16804 | Gauntlet | Found a large runed translucent door.
 16804 | Gauntlet | Found a large runed translucent door.
 16812 | Gauntlet | Found a transporter.
 16827 | Gauntlet | Found a transporter.
 16832 | Gauntlet | Found a transporter.
 16844 | Gauntlet | Noticed a reaper
 16854 | Gauntlet | Found a transporter.
 16868 | Gauntlet | Found a transporter.
 16879 | Gauntlet | Found the macabre finger necklace {rN+}
 16880 | Gauntlet | Found a transporter.
 16888 | Gauntlet | Found a transporter.
 16888 | Gauntlet | Found a transporter.
 16905 | Gauntlet | Found a transporter.
 16917 | Gauntlet | Found a transporter.
 16929 | Gauntlet | Found a transporter.
 16950 | Gauntlet | Found a transporter.
 16963 | Gauntlet | Found a transporter.
 16965 | Gauntlet | Found a transporter.
 16983 | Gauntlet | Found a large runed translucent door.
 16984 | Gauntlet | Found a large runed translucent door.
 16988 | Gauntlet | Found a runed translucent gate.
 16988 | Gauntlet | Found a runed translucent gate.
 16988 | Gauntlet | Found a runed translucent gate.
 16990 | Gauntlet | Found a transporter.
 16992 | Gauntlet | Found a transporter.
 16998 | Gauntlet | Found a large runed translucent door.
 16999 | Gauntlet | Found a large runed translucent door.
 17102 | Gauntlet | Found a transporter.
 17511 | Gauntlet | Identified the +0 pair of boots of Irount {*Corrode Will+
                  | Regen+ Str+7}
 17532 | Gauntlet | Noticed a minotaur
 17548 | Gauntlet | Killed a minotaur
 17604 | Gauntlet | Identified the +0 helmet of the Playwright {Str+3 Int+5}
 17733 | Lair:4   | Identified the +7 spear "Death Rattle" {vamp, rC+ rN+ SInv}
 17807 | Lair:4   | Found a staircase to the Snake Pit.
 17958 | Lair:4   | Reached skill level 14 in Fighting
 19102 | Lair:5   | Noticed Snorg
 19124 | Lair:5   | Killed Snorg
 19268 | Lair:5   | Reached skill level 15 in Armour
 19288 | Lair:5   | Reached XP level 14. HP: 133/133 MP: 4/13
 19715 | Lair:6   | Entered Level 6 of the Lair of Beasts
 19715 | Lair:6   | Found a viscous altar of Jiyva.
 19715 | Lair:6   | Found a staircase to the Slime Pits.
 19753 | Lair:6   | Found a runed translucent door.
 19785 | Lair:6   | Identified the +0 leather armour of Perpetual Drought {rF+}
 19882 | Lair:6   | Identified a scroll of acquirement
 19899 | Lair:6   | Acquired the +3 hat of Pondering {ponderous, Will+ MP+10
                  | Int+5}
 19899 | Lair:6   | Found the +3 hat of Pondering {ponderous, Will+ MP+10
                  | Int+5}
 20130 | Lair:6   | Paralysed by a hornet for 3 turns
 20249 | Lair:6   | Reached skill level 10 in Polearms
 20252 | Lair:6   | Reached skill level 15 in Fighting
 20307 | Lair:6   | Received a gift from Trog
 20466 | Lair:6   | Found a runed translucent gate.
 20472 | Lair:6   | Found a runed translucent gate.
 20473 | Lair:6   | Found a runed translucent gate.
 20481 | Lair:6   | Noticed robertstho's ghost (journeyman DjFE)
 21183 | Lair:6   | Killed robertstho's ghost
 21462 | D:5      | Bought 2 potions of resistance for 200 gold pieces
 21462 | D:5      | Bought a potion of magic for 80 gold pieces
 21462 | D:5      | Bought a potion of invisibility for 80 gold pieces
 21899 | D:11     | Reached skill level 10 in Shields
 22530 | D:12     | Reached skill level 16 in Fighting
 23237 | D:13     | Found a gate to the Vaults.
 23392 | D:13     | Reached XP level 15. HP: 133/145 MP: 8/14
 23648 | D:13     | Found Uzasiucs's General Store.
 24517 | D:13     | Found a portal to a secret trove of treasure.
 24597 | D:13     | Bought a scroll of blinking for 90 gold pieces
 24692 | Orc:1    | Entered Level 1 of the Orcish Mines
 24835 | Snake:1  | Entered Level 1 of the Snake Pit
 24915 | Snake:1  | Noticed Mlioglotl
 24931 | Snake:1  | Gained mutation: Your magical capacity is low. (-10% MP) [a
                  | neqoxec]
 24932 | Snake:1  | Gained mutation: Your body sometimes deteriorates upon
                  | taking damage. [a neqoxec]
 25271 | D:14     | Received a gift from Trog
 25358 | D:14     | Noticed Jorgrun
 25375 | D:14     | Killed Jorgrun
 25446 | D:14     | Reached skill level 17 in Fighting
 25613 | D:14     | Found a sparkling altar of Nemelex Xobeh.
 25761 | D:14     | Identified Roxanne's Reference Book on Transmigration
 25761 | D:14     | Noticed Roxanne
 25799 | D:14     | Killed Roxanne
 26077 | D:15     | Entered Level 15 of the Dungeon
 26235 | D:15     | Noticed Azrael
 26247 | D:15     | Killed Azrael
 26264 | D:15     | Noticed Nessos
 26282 | D:15     | Killed Nessos
 26471 | D:15     | Received a gift from Trog
 26953 | D:15     | Found a staircase to the Depths.
 27452 | D:10     | Reached skill level 18 in Fighting
 27794 | Orc:2    | Entered Level 2 of the Orcish Mines
 27835 | Orc:2    | Noticed an orc warlord
 27854 | Orc:2    | Killed an orc warlord
 27907 | Orc:2    | Reached XP level 16. HP: 157/157 MP: 7/13
 27968 | Orc:2    | Received a gift from Trog
 27974 | Orc:2    | Found Mogy's Antique Armour Boutique.
 27993 | Orc:2    | Found Meiro's Jewellery Boutique.
 28206 | Orc:2    | Found a staircase to the Elven Halls.
 28363 | Orc:2    | Found Uckyw's General Store.
 28390 | Orc:2    | Found Dyedde Hytz's Antique Weapon Boutique.
 28418 | Orc:2    | Found Otaxixag's General Store.
 28767 | Elf:1    | Entered Level 1 of the Elven Halls
 28789 | Orc:2    | HP: 11/232 [+0 vorpal battleaxe (1)]
 28791 | Orc:2    | Slain by a +5 war axe

Illustrated notes

Levels and vault maps discovered:
D:1:      dpeg_arrival_renting, layout_loops_ring,
          shapermc_ecumenical_altar_mp_ritualfount
D:2:      layout_loops_ring, serial_shops, nicolae_shop_hallway_plus,
          uniq_sigmund
D:3:      layout_basic, mainiacjoe_overflow_paths,
          gammafunk_temple_overflow_pools, uniq_jessica
D:4:      layout_basic, nicolae_ossuary_entry_monument, kennysheep_dice
D:5:      cheibrodos_iron_armory, layout_loops_ring, serial_shops, shop, shop
D:6:      cheibrodos_helix_gallery, layout_basic,
          minmay_temple_entry_purple_smoke, hangedman_decor_push,
          lightli_orcish_oven, uniq_blork_the_orc
D:7:      layout_basic, serial_undead, serial_undead_e, serial_undead_a,
          serial_undead_f, serial_undead_d
D:8:      layout_cave_pools, enter_bailey_2
D:9:      layout_cave_pods, mainiacjoe_overflow_alcove_2,
          nicolae_yredelemnul_corpse_copse, david_lair_shrubbed, uniq_maurice
D:10:     layout_loops_ring, grunt_gozag_statues,
          lemuel_zombie_altar_kikubaaqudgha, erik_orc_1
D:11:     layout_rooms
D:12:     layout_roguey, nrook_loot_triangle
D:13:     layout_layer_cave, erik_vaults_2, serial_shops, kennysheep_mini_moat,
          enter_trove_5
D:14:     layout_irregular_city, lemuel_round_altar, uniq_roxanne, uniq_jorgrun
D:15:     grunt_enter_depths_snipers, layout_basic, uniq_nessos, uniq_azrael
Lair:1:   layout_regular_city, basic_altar, nicolae_quartered_pool_medium
Lair:2:   layout_roguey [special_room_bee], minmay_shoals_entry_hut,
          serial_bayou_pond_e, nicolae_lair_lil_pond, grunt_megastairs_1
Lair:3:   dpeg_oklob_gauntlet, layout_hall_layers
Lair:4:   nzn_winding_woodlands_medium [nzn_winding_woodlands_hourglass,
          nzn_winding_woodlands_5x15_sidewinder,
          nzn_winding_woodlands_5x5_closed_star,
          nzn_winding_woodlands_5x5_checkerboard,
          nzn_winding_woodlands_center_lodge, nzn_winding_woodlands_5x5_three,
          nzn_winding_woodlands_5x5_default,
          nzn_winding_woodlands_5x15_pathside_ponds,
          nzn_winding_woodlands_5x5_default], layout_gridlike,
          gauntlet_entry_generic
Lair:5:   layout_cave_pods, uniq_snorg
Lair:6:   wormcave, layout_misc_corridors, slime_altar_1,
          gammafunk_ghost_necromancy, serial_bayou_shore_b
Snake:1:  layout_onion_interference, uniq_mlioglotl
Orc:1:    layout_caves
Orc:2:    grunt_orc_cross, layout_caves, serial_shops, shop
Elf:1:    eino_elf_arrival_the_gate, layout_geoelf_octagon, orc_legates,
          grunt_ministairs_15, minmay_shop_grove

Skill      XL: |  1  2  3  4  5  6  7  8  9 10 11 12 13 14 15 16 |
---------------+-------------------------------------------------+-----
Axes           | 4 5 7 8 10 11 12 13 | 13.1
Fighting       | 4 5 6 7 8 9 10 12 13 14 16 18 | 18.3
Armour         | 3 4 5 7 9 11 12 13 15 16 17 | 17.4
Dodging        | 3 4 5 6 |  6.5
Stealth        | 1 2 |  2.9
Shields        | 1 3 4 6 7 8 9 10 12 | 12.5
Polearms       | 3 5 9 12 13 14 | 14.1
Evocations     | 2 |  2.4

Action                   |  1- 3 |  4- 6 |  7- 9 | 10-12 | 13-15 | 16-18 || total
-------------------------+-------+-------+-------+-------+-------+-------++-------
Melee: Hand axe          |    48 |    77 |   200 |       |       |       ||   325
       Headbutt          |     7 |    19 |    73 |    93 |   363 |    34 ||   589
       War axe           |       |       |   135 |   276 |       |       ||   411
       Trident           |       |       |       |   144 |  1517 |   160 ||  1821
       Spear             |       |       |       |       |    18 |       ||    18
Invok: Berserk           |     4 |     2 |     7 |     8 |    25 |     1 ||    47
       Trog's Hand       |       |       |     1 |       |       |       ||     1
       Brothers in Arms  |       |       |       |       |     2 |     1 ||     3
 Abil: Evoke Invisibilit |       |       |       |       |     1 |       ||     1
Evoke: Wand              |       |       |     2 |       |     3 |       ||     5
  Use: Scroll            |     1 |     3 |     3 |     7 |    15 |       ||    29
       Potion            |       |       |     1 |     1 |     3 |       ||     5
Armor: Animal skin       |     3 |       |       |       |       |       ||     3
       Ring mail         |     4 |    28 |    20 |       |       |       ||    52
       Chain mail        |       |       |   112 |       |       |       ||   112
       Plate armour      |       |       |       |   252 |   476 |    36 ||   764
Dodge: Dodged            |    27 |    37 |   124 |   158 |   368 |    31 ||   745
Block: Buckler           |     5 |     9 |    12 |       |       |       ||    26
       Kite shield       |       |       |   128 |   248 |   713 |    82 ||  1171
